AoeStats
← Loud4Sal

QS Arena

503526192Analyzed
4v4 RM · 1mo ago on Sep 1, 2026· 50m 24s· 8 players
Game mode
Random Map
Map size
Large (8 player)
Population
200
Speed
Normal
Resources
Standard
Victory
Conquest
Starting age
Dark Age
Ending age
Imperial Age
RankedLock teamsTeams togetherTeam positionsShared explorationLock speedFull tech treeHidden civsTurbo modeCheats
Victory
Defeat
🇨🇱 Cumans · Chile
785
+9
🇨🇴 Khmer · Colombia
772
+10
🇲🇽 Tupi · Mexico
703
+13
🇭🇰 Persians · Hong Kong SAR China
552
+20
🇺🇸 Gurjaras · United States
686
-15
🇺🇸 Italians · United States
667
-14
🇺🇸 Mongols · United States
601
-11
🇺🇸 Teutons · United States
583
-11
Str8dubclub5
5:49 Loom
11:10 Feudal Age
11:43 Horse Collar
11:51 Double-Bit Axe
17:30 Castle Age
17:44 Wheelbarrow
17:47 Bloodlines
18:49 Husbandry
19:25 Heavy Plow
21:12 Scale Barding Armor
20:58 Town Watch
21:58 Gold Mining
22:46 Bow Saw
23:17 Fletching
23:27 Padded Archer Armor
27:20 Stone Mining
28:33 Chain Barding Armor
28:26 Forging
38:46 Imperial Age
37:49 Light Cavalry
39:10 Iron Casting
39:53 Conscription
39:54 Hand Cart
40:43 Plate Barding Armor
40:26 Heavy Camel Rider
45:03 Bodkin Arrow
45:23 Leather Archer Armor
45:38 Caravan
46:09 Coinage
Urgirlfavtoy
1:53 Loom
10:33 Feudal Age
11:19 Double-Bit Axe
12:12 Wheelbarrow
11:20 Horse Collar
11:34 Gold Mining
11:43 Town Watch
20:43 Castle Age
18:57 Padded Archer Armor
18:47 Fletching
19:10 Scale Mail Armor
19:21 Forging
19:43 Stone Mining
21:47 Leather Archer Armor
21:27 Bodkin Arrow
21:53 Hand Cart
21:51 Bow Saw
21:45 Heavy Plow
22:07 Chain Mail Armor
27:58 Imperial Age
27:57 Iron Casting
27:26 Squires
27:12 Arson
32:21 Elite Genoese Crossbowman
37:13 Plate Mail Armor
37:43 Blast Furnace
37:14 Ring Archer Armor
36:45 Bracer
37:18 Conscription
40:43 Ballistics
41:24 Chemistry
40:47 Ballistics
Loud4Sal
1:12 Loom
10:42 Feudal Age
11:11 Horse Collar
11:25 Double-Bit Axe
17:44 Wheelbarrow
18:36 Bloodlines
20:21 Scale Mail Armor
20:32 Forging
24:08 Castle Age
23:13 Padded Archer Armor
23:19 Scale Barding Armor
25:49 Heavy Plow
27:04 Husbandry
28:51 Iron Casting
29:57 Chain Barding Armor
30:14 Squires
30:01 Arson
33:25 Bow Saw
33:13 Gold Mining
37:34 Thumb Ring
46:14 Leather Archer Armor
47:45 Pikeman
48:11 Elite Skirmisher
KnightKrawler32
7:49 Loom
11:45 Feudal Age
12:20 Double-Bit Axe
13:57 Man-at-Arms
15:59 Horse Collar
18:18 Forging
18:09 Scale Mail Armor
24:10 Arson
25:26 Wheelbarrow
28:56 Castle Age
27:29 Gold Mining
27:31 Stone Mining
30:03 Squires
29:53 Gambesons
32:28 Iron Casting
32:09 Chain Mail Armor
32:45 Heavy Plow
36:53 Ironclad
49:07 Bow Saw
50:01 Pikeman
inquicidor123
0:54 Loom
8:27 Feudal Age
10:28 Double-Bit Axe
10:50 Horse Collar
14:17 Scale Mail Armor
15:42 Forging
16:17 Arson
17:57 Fletching
17:30 Champi Runner
20:50 Castle Age
23:26 Champi Warrior
24:08 Squires
25:27 Chain Mail Armor
25:25 Town Watch
30:05 Stone Mining
30:46 Bodkin Arrow
30:54 Padded Archer Armor
30:27 Elite Skirmisher
32:09 Bow Saw
34:33 Imperial Age
32:06 Pikeman
37:51 Leather Archer Armor
38:22 Gold Mining
38:13 Halberdier
41:22 Two-Man Saw
44:18 Chemistry
45:08 Town Patrol
45:44 Wheelbarrow
44:35 Elite Champi Warrior
47:25 Ring Archer Armor
46:56 Bracer
47:36 Elite Blackwood Archer
49:30 Heavy Scorpion
51:04 Iron Casting
Pino
5:08 Loom
7:39 Feudal Age
9:36 Horse Collar
10:09 Double-Bit Axe
14:24 Wheelbarrow
13:47 Gold Mining
17:43 Castle Age
16:39 Stone Mining
16:42 Town Watch
19:15 Stone Shaft Mining
19:16 Town Patrol
22:55 Heavy Plow
23:40 Gold Shaft Mining
24:04 Bow Saw
25:17 Hand Cart
25:41 Scale Barding Armor
25:46 Forging
26:17 Husbandry
26:27 Bloodlines
27:27 Ballistics
28:04 Murder Holes
28:32 Chain Barding Armor
28:47 Iron Casting
27:51 Light Cavalry
29:39 Fletching
30:03 Fortified Wall
31:29 Bodkin Arrow
32:21 Caravan
38:47 Imperial Age
39:12 Hussar
41:29 Elite Battle Elephant
42:58 Siege Engineers
43:54 Chemistry
43:32 Plate Barding Armor
42:58 Bracer
43:59 Blast Furnace
44:24 Crop Rotation
47:54 Tusk Swords
48:19 Conscription
49:08 Double Crossbow
Nergal9964
10:13 Feudal Age
11:54 Double-Bit Axe
16:59 Castle Age
16:55 Wheelbarrow
17:10 Gold Mining
17:10 Stone Mining
17:09 Horse Collar
19:25 Hand Cart
20:33 Pikeman
22:24 Bow Saw
22:43 Murder Holes
24:20 Gold Shaft Mining
23:23 Crossbowman
24:40 Heavy Plow
25:24 Squires
26:37 Loom
27:08 Man-at-Arms
27:50 Scale Mail Armor
27:51 Padded Archer Armor
28:01 Forging
27:42 Fletching
28:14 Ballistics
31:18 Imperial Age
29:30 Leather Archer Armor
29:31 Chain Mail Armor
29:44 Capped Ram
31:01 Iron Casting
30:57 Steppe Husbandry
31:05 Bodkin Arrow
31:22 Masonry
30:39 Elite Skirmisher
32:00 Thumb Ring
32:22 Halberdier
32:23 Long Swordsman
33:28 Conscription
33:36 Elite Kipchak
34:30 Two-Handed Swordsman
36:48 Chemistry
36:20 Ring Archer Armor
36:40 Siege Ram
37:52 Plate Mail Armor
38:44 Onager
40:26 Blast Furnace
38:48 Champion
41:41 Cavalier
42:59 Town Watch
minicap
9:24 Feudal Age
13:39 Castle Age
12:03 Double-Bit Axe
12:50 Horse Collar
22:20 Wheelbarrow
22:24 Gold Mining
23:32 Hand Cart
23:23 Heavy Plow
23:38 Bow Saw
26:42 Scale Barding Armor
26:47 Forging
29:23 Imperial Age
27:38 Gold Shaft Mining
26:54 Stone Mining
27:38 Stone Mining
28:12 Chain Barding Armor
29:24 Iron Casting
29:31 Caravan
30:18 Husbandry
30:28 Bloodlines
31:04 Stone Shaft Mining
30:38 Murder Holes
31:12 Loom
32:41 Conscription
33:50 Two-Man Saw
33:31 Crop Rotation
36:23 Blast Furnace
39:28 Elite War Elephant
41:39 Plate Barding Armor
45:48 Fletching
Connection lost

Rejoining the realm…

Still unreachable

The connection could not be restored.

Session expired

The server has moved on; the page needs a fresh start.